 Dungeon Crawl Stone Soup version 0.29-a0-222-g5b244fca1f (webtiles) character file.

Game seed: 8555656584611889727

1250 mcwallace the Shield-Bearer (level 8, -1/94 (100) HPs)
             Began as a Formicid Fighter on Feb 27, 2022.
             Slain by a vampire mosquito (3 damage)
             ... on level 5 of the Dungeon.
             The game lasted 00:12:40 (6892 turns).

mcwallace the Shield-Bearer (Formicid Fighter)      Turns: 6892, Time: 00:12:41

HP:   -1/94 (100)   AC: 24    Str: 22    XL:     8   Next: 80%
MP:   0/8           EV:  2    Int:  9    God:
Gold: 224           SH:  5    Dex: 10    Spells: 7/7 levels left

rFire   . . .      SeeInvis .   l - +2 dagger (venom) {short}
rCold   . . .      Faith    .   c - +0 buckler
rNeg    . . .      Spirit   +   (body armour currently unavailable)
rPois   +          Reflect  .   (helmet unavailable)
rElec   .          Harm     .   (cloak currently unavailable)
rCorr   .          Rampage  .   (gloves currently unavailable)
Will    +....                   (boots currently unavailable)
Stlth   +.........              m - amulet of guardian spirit
HPRegen 0.25/turn               x - ring of willpower
MPRegen 0.11/turn               (no ring)

@: mighty, tree-form, drained
A: stationary, stasis, torment immunity, boosted hp, permanent stasis, dig
shafts and tunnels, (antennae 3), four strong arms
a: no special abilities


You were on level 5 of the Dungeon.
You were a tree.
You visited 1 branch of the dungeon, and saw 5 of its levels.
You also visited: Sewer.

You collected 224 gold pieces.


Innate Abilities, Weirdness & Mutations

You are a tree.
Your roots penetrate the ground, keeping you stationary.
You cannot be teleported.
You are immune to unholy pain and torment.
Your maximum health is greatly increased.
Your equipment is partially melded.
You cannot be hasted, slowed, berserked, paralysed or teleported.
You can dig through walls and to a lower floor.
((You have a pair of large antennae on your head. (SInv)))
Your four strong arms can wield two-handed weapons with a shield.


   Skills:
 + Level 7.1 Fighting
 - Level 2.1 Staves
 + Level 7.1 Armour
 + Level 7.8 Shields


You had 7 spell levels left.
You didn't know any spells.
Your spell library contained the following spells:

 Spells                   Type           Power      Damage    Failure   Level
 Summon Small Mammal      Summ           0%         N/A       43%         1
 Corpse Rot               Necr/Air       0%         N/A       58%         2
 Poisonous Vapours        Pois/Air       0%         N/A       58%         2
 Static Discharge         Conj/Air       0%         N/A       58%         2
 Call Canine Familiar     Summ           0%         N/A       82%         3
 Gell's Gravitas          Tloc           0%         N/A       82%         3
 Lesser Beckoning         Tloc           0%         N/A       82%         3
 Summon Guardian Golem    Hex/Summ       0%         N/A       82%         3
 Teleport Other           Tloc           0%         N/A       82%         3
 Lightning Bolt           Conj/Air       0%         1d11      100%        5
 Maxwell's Capacitive Co  Air            0%         ∞         100%        8

Inventory:

Hand Weapons
 a - a +0 quarterstaff {staff}
 d - a +0 short sword of draining {short}
   (You took it off a kobold in a sewer)
 l - a +2 dagger of venom (weapon) {short}
   (You found it on level 4 of the Dungeon)
 H - a +2 dagger of venom {short}
   (You took it off a kobold in a sewer)
 M - a +2 short sword of holy wrath {short}
   (You took it off Blork the orc on level 4 of the Dungeon)
Missiles
 g - 56 stones {throwing}
 B - a curare-tipped dart {=fthrowing}
 E - 36 poisoned darts {throwing}
 L - a boomerang {throwing}
 V - a throwing net {=f!fthrowing}
Armour
 b - a +0 scale mail
 c - a +0 buckler (worn)
 e - a +0 ring mail
   (You found it on level 1 of the Dungeon)
 q - a +0 robe
   (You took it off Sigmund on level 2 of the Dungeon)
 s - a +0 chain mail
   (You found it on level 2 of the Dungeon)
 v - a +0 ring mail
   (You found it on level 3 of the Dungeon)
 w - a +0 robe
   (You found it on level 3 of the Dungeon)
 z - a +0 leather armour
   (You found it on level 3 of the Dungeon)
 A - a +0 cloak (melded)
   (You found it on level 3 of the Dungeon)
 C - a +0 ring mail
   (You found it in a sewer)
 F - a +0 robe
   (You found it in a sewer)
 J - a +2 ring mail of fire resistance (melded)
   (You took it off an orc on level 4 of the Dungeon)
 K - a +0 robe
   (You took it off an orc wizard on level 4 of the Dungeon)
 N - a +0 chain mail
   (You took it off Ijyb on level 4 of the Dungeon)
 P - a +0 robe
   (You took it off Blork the orc on level 4 of the Dungeon)
 Q - a +0 robe
   (You found it on level 4 of the Dungeon)
 S - a +0 chain mail
   (You took it off a goblin on level 4 of the Dungeon)
 T - a +0 robe
   (You took it off an orc wizard on level 4 of the Dungeon)
 U - a +0 ring mail
   (You took it off an orc on level 4 of the Dungeon)
 W - a +0 ring mail
   (You took it off an orc on level 5 of the Dungeon)
 X - a +0 chain mail
   (You found it on level 5 of the Dungeon)
Jewellery
 m - an amulet of guardian spirit (around neck)
   (You found it on level 2 of the Dungeon)
 x - a ring of willpower (left branch)
   (You found it on level 3 of the Dungeon)
Wands
 O - a wand of paralysis (13)
   (You took it off Ijyb on level 4 of the Dungeon)
Scrolls
 i - 2 scrolls of torment {!r}
 j - a scroll of holy word {unknown}
 o - 2 scrolls of vulnerability {!r!r}
 r - 2 scrolls of magic mapping {!r}
 t - a scroll of blinking {!r}
 y - 2 scrolls of immolation {unknown}
 D - 2 scrolls of enchant weapon {unknown}
 I - a scroll of noise {!r}
Potions
 f - 3 potions of curing {unknown}
 h - 2 potions of heal wounds {unknown}
 n - 2 potions of degeneration {!q@e2}
 p - 4 potions of mutation {unknown}
 u - 4 potions of haste {@q3}
 G - a potion of cancellation {unknown}
 R - a potion of might

Dungeon Overview and Level Annotations

Branches:
Dungeon (5/15)              Sewer (visited)
 Temple: D:4-7

Altars:
Uskayaw

Shops:
D:1 [(!:

Annotations:
D:2 1 runed translucent door, Crazy Yiuf
D:5 Eustachio, Grinder

... .....
.....# #.....#
###
.......##♣##
......l{##y#
....$..ll{##
#......{y#
##.....{## .
##.....{## .. {
#.$......##...
...
..##.#.........
...{.
####5....###


You could see a vampire mosquito.


Message History

You take 6 damage, and now have 35/67 hp.
You lost 1 mp, and now have 6/8 mp.
The bat barely misses you. The bat hits you but does no damage.
The bat barely misses you. The bat closely misses you. 😮 HP[+1]
You block the bat's attack. The bat closely misses you.
You block the bat's attack. The bat barely misses you.
The vampire mosquito bites you.
The vampire mosquito draws strength from your injuries! 😮 HP[-1]
You take 1 damage, and now have 35/67 hp.
You block the bat's attack. The vampire mosquito bites you!
* * * LOW HITPOINT WARNING * * *
The vampire mosquito draws strength from your injuries! 😨 HP[-5] MP[-1]
You take 5 damage, and now have 30/67 hp.
You lost 1 mp, and now have 5/8 mp.
The bat hits you but does no damage. The bat completely misses you. 😨 MP[+1]
The vampire mosquito closely misses you.
The vampire mosquito bites you but does no damage. 2 iguanas come into view.
The iguana hisses angrily.
The bat completely misses you. The bat hits you but does no damage.
An iguana comes into view.
The vampire mosquito bites you!
* * * LOW HITPOINT WARNING * * *
The vampire mosquito draws strength from your injuries!
The bat closely misses you. 😨 HP[-6] MP[-2]
You take 6 damage, and now have 24/67 hp.
You lost 2 mp, and now have 4/8 mp.
The iguana hisses angrily.
The vampire mosquito bites you.
* * * LOW HITPOINT WARNING * * *
The vampire mosquito draws strength from your injuries!
You block the bat's attack. The vampire mosquito bites you.
* * * LOW HITPOINT WARNING * * *
The vampire mosquito draws strength from your injuries! 😨 HP[-5] MP[-2]
You take 5 damage, and now have 19/67 hp.
You lost 2 mp, and now have 2/8 mp.
The bat hits you but does no damage.
The vampire mosquito closely misses you.
The vampire mosquito bites you but does no damage.
The vampire mosquito bites you.
* * * LOW HITPOINT WARNING * * *
The vampire mosquito draws strength from your injuries! 😱 HP[-5]
You take 5 damage, and now have 14/67 hp.
The vampire mosquito barely misses you.
You extend your mandibles.
You dig through the rock wall.
You feel drained.
The vampire mosquito bites you but does no damage. 😱 HP[+1] MP[+1]
You now have 65 max hp (-2).
You dig through the rock wall.
You feel drained. The vampire mosquito bites you.
* * * LOW HITPOINT WARNING * * *
The vampire mosquito draws strength from your injuries! 😱 HP[-4] MP[-1]
You now have 63 max hp (-2).
You take 4 damage, and now have 11/63 hp.
You lost 1 mp, and now have 2/8 mp.
You retract your mandibles.
You miss the vampire mosquito. The vampire mosquito barely misses you.
You block the vampire mosquito's attack.
You barely miss the vampire mosquito. The vampire mosquito bites you!
* * * LOW HITPOINT WARNING * * *
The vampire mosquito draws strength from your injuries!
The vampire mosquito bites you.
* * * LOW HITPOINT WARNING * * *
The vampire mosquito draws strength from your injuries! 😱 HP[-10] MP[-2]
You take 10 damage, and now have 1/63 hp.
You lost 2 mp, and now have 0/8 mp.
Really quaff the potion of lignification?
You turn into a tree.
Your +0 cloak melds into your body.
Your +2 ring mail of fire resistance melds into your body.
You feel less resistant to fire.
Your roots penetrate the ground.
The vampire mosquito bites you.
* * * LOW HITPOINT WARNING * * *
The vampire mosquito draws strength from your injuries!
The vampire mosquito bites you but does no damage.
You now have 94 max hp (+31).
You feel very mighty all of a sudden.
The vampire mosquito bites you but does no damage. x2 😱 HP[+1]
You closely miss the vampire mosquito.
The vampire mosquito bites you but does no damage.
You block the vampire mosquito's attack.
You puncture the vampire mosquito!
You block the vampire mosquito's attack.
The vampire mosquito bites you but does no damage.
You hit the vampire mosquito. The vampire mosquito bites you.
You die...

Skill      XL: |  1  2  3  4  5  6  7  8 |
---------------+-------------------------+-----
Shields        | 4 5 6 7 |  7.8
Fighting       | 4 5 6 7 |  7.1
Armour         | 4 5 6 7 |  7.1
Staves         | |  2.1

Action                   |  1- 3 |  4- 6 |  7- 9 || total
-------------------------+-------+-------+-------++-------
Melee: Quarterstaff      |    83 |   167 |   156 ||   406
       Dagger            |       |       |   162 ||   162
       Short sword       |       |       |    10 ||    10
 Abil: Dig               |       |       |     2 ||     2
  Use: Potion            |     1 |       |     7 ||     8
       Scroll            |       |       |     6 ||     6
 Stab: Invisible         |       |       |     1 ||     1
Armor: Scale mail        |    27 |    72 |    44 ||   143
       Ring mail         |       |       |   130 ||   130
       Skin              |       |       |    18 ||    18
Dodge: Dodged            |    30 |    85 |   176 ||   291
Block: Buckler           |    20 |    48 |   100 ||   168

Levels and vault maps discovered:
D:1:      elethiomel_arrival_infinity_welcomes_careful_drivers, layout_basic,
          serial_shops, nicolae_shop_trees, shop, shop, shop_fountains, hex_tiny
D:2:      layout_basic, basic_altar, hangedman_decor_points, uniq_sigmund,
          uniq_crazy_yiuf_cottage
D:3:      layout_loops_corners, hellmonk_ecumenical_altar_leap_of_faith,
          nrook_mini_vaults, hangedman_decor_riveting
D:4:      minmay_goblin_kobold_castle, layout_cave_pools, portal_sewer_entry_a,
          minmay_stone_trees_small, minmay_bisected, uniq_blork_the_orc,
          uniq_ijyb
D:5:      lemuel_insect_pit, layout_cave_pools, temple_fountains,
          enter_ossuary_3, uniq_grinder, uniq_duvessa, uniq_menkaure,
          uniq_eustachio, uniq_pikel

Notes
Turn   | Place    | Note
-------+----------+-------------------------------------------
     0 | D:1      | mcwallace the Formicid Fighter began the quest for the Orb.
     0 | D:1      | Reached XP level 1. HP: 18/18 MP: 1/1
     0 | D:1      | magus.rc [v1.9.6]
   192 | D:1      | HP: 4/18 [goblin/+0 club (4)]
   210 | D:1      | Reached XP level 2. HP: 7/24 MP: 2/2
   426 | D:1      | Found Pulujih's Distillery.
   619 | D:1      | Found Kuleuhekk's Armour Boutique.
   626 | D:1      | Reached skill level 4 in Shields
   790 | D:1      | Found Qocur's Weapon Boutique.
  1205 | D:1      | Reached XP level 3. HP: 30/30 MP: 3/3
  1424 | D:1      | Found Niymoot's Book Boutique.
  1775 | D:2      | You pick up a book of Vapours and begin reading...
  1775 | D:2      | You add the spells Poisonous Vapours and Corpse Rot to your
                  | library.
  1877 | D:2      | Noticed Sigmund
  1888 | D:2      | Killed Sigmund
  1889 | D:2      | Reached skill level 4 in Fighting
  1889 | D:2      | Reached skill level 4 in Armour
  1889 | D:2      | Reached skill level 5 in Shields
  1889 | D:2      | Reached XP level 4. HP: 15/38 MP: 1/4
  1889 | D:2      | Reached XP level 5. HP: 17/43 MP: 1/5
  1889 | D:2      | Reached XP level 6. HP: 19/49 MP: 1/6
  2255 | D:2      | You pick up a book of Lightning and begin reading...
  2255 | D:2      | You add the spells Static Discharge, Lightning Bolt and
                  | Maxwell's Capacitive Coupling to your library.
  2414 | D:2      | Found a hide-covered altar of Uskayaw.
  2553 | D:2      | Found a runed translucent door.
  2554 | D:2      | Noticed Crazy Yiuf
  3328 | D:3      | Found a faded altar of an unknown god.
  3394 | D:3      | Reached skill level 5 in Fighting
  3476 | D:3      | You pick up a book of Displacement and begin reading...
  3476 | D:3      | You add the spells Lesser Beckoning, Gell's Gravitas and
                  | Teleport Other to your library.
  3670 | D:4      | Found a glowing drain.
  3685 | D:4      | Reached skill level 5 in Armour
  3721 | Sewer    | Entered a sewer
  4107 | Sewer    | Reached XP level 7. HP: 56/56 MP: 7/7
  4134 | Sewer    | Reached skill level 6 in Shields
  4135 | Sewer    | HP: 13/56 [kobold/+0 short sword (3)]
  4141 | Sewer    | HP: 13/81 [kobold/+0 short sword (1)]
  4564 | D:4      | Reached skill level 6 in Fighting
  4570 | D:4      | Reached skill level 6 in Armour
  4754 | D:4      | Noticed Ijyb
  4770 | D:4      | Killed Ijyb
  4775 | D:4      | Reached XP level 8. HP: 55/64 MP: 6/8
  4907 | D:4      | Reached skill level 7 in Shields
  5012 | D:4      | Noticed Blork the orc
  5020 | D:4      | Killed Blork the orc
  6700 | D:5      | Entered Level 5 of the Dungeon
  6725 | D:5      | Reached skill level 7 in Fighting
  6725 | D:5      | Reached skill level 7 in Armour
  6729 | D:5      | You pick up a book of Callings and begin reading...
  6729 | D:5      | You add the spells Summon Small Mammal, Call Canine
                  | Familiar and Summon Guardian Golem to your library.
  6834 | D:5      | Noticed Grinder
  6839 | D:5      | Noticed Eustachio
  6882 | D:5      | HP: 14/67 [vampire mosquito (5)]
  6887 | D:5      | HP: 2/63 [vampire mosquito (9)]
  6892 | D:5      | Slain by a vampire mosquito

Vanquished Creatures
  Sigmund (D:2)
  A necrophage (D:5)
  A phantom (D:4)
  5 kobold brigands
  Blork the orc (D:4)
  2 hounds
  Ijyb (D:4)
  2 iguanas (D:4)
  2 orc wizards (D:4)
  8 gnolls (D:4)
  A river rat (D:4)
  6 adders
  An ufetubus (D:5)
  3 worms (D:4)
  5 dart slugs
  11 orcs
  3 endoplasms (D:4)
  5 giant cockroaches
  31 goblins
  30 hobgoblins
  17 kobolds
  A quokka (D:2)
  16 ball pythons
  6 bats
  8 frilled lizards
  11 rats
179 creatures vanquished.

Vanquished Creatures (others)
  A fungus (Sewer)
  4 plants (Sewer)
5 creatures vanquished.

Grand Total: 184 creatures vanquished

Table legend:
 A = Non-vault XP
 B = Vault XP
 C = Vault XP percentage of total XP
 D = Non-vault monster count
 E = Vault monster count
 F = Vault count percentage of total count
                 A         B        C        D         E       F
            +---------+---------+-------+---------+---------+-------
      Total |     721 |    1065 |  59.6 |      89 |      90 |  50.3
            +---------+---------+-------+---------+---------+-------
        D:1 |      41 |       0 |   0.0 |      26 |       0 |   0.0
        D:2 |      29 |     223 |  88.5 |      12 |       1 |   7.7
        D:3 |      72 |       0 |   0.0 |      19 |       0 |   0.0
        D:4 |     399 |     422 |  51.4 |      26 |      67 |  72.0
        D:5 |     180 |       0 |   0.0 |       6 |       0 |   0.0
      Sewer |       0 |     420 | 100.0 |       0 |      22 | 100.0
            +---------+---------+-------+---------+---------+-------

Illustrated notes

Table legend:
 A = Kills in this place as a percentage of kills in entire the game.
 B = Kills by you in this place as a percentage of kills by you in the entire game.
 C = Kills by friends in this place as a percentage of kills by friends in the entire game.
 D = Other kills in this place as a percentage of other kills in the entire game.
 E = Experience gained in this place as a percentage of experience gained in the entire game.
 F = Experience gained in this place divided by the number of levels of this place that you have seen.
                   A       B       C       D       E      F
               +-------+-------+-------+-------+-------+----------------------
         Total | 100.0 | 100.0 |   N/A |   N/A | 100.0 | 297.7
       Dungeon |  87.7 |  87.7 |   N/A |   N/A |  76.5 | 273.2
         Sewer |  12.3 |  12.3 |   N/A |   N/A |  23.5 | 420.0
               +-------+-------+-------+-------+-------+----------------------

Table legend: (Time is in decaauts)
 A = Elapsed time spent in this place.
 B = Non-inter-level travel time spent in this place.
 C = Inter-level travel time spent in this place.
 D = Time resting spent in this place.
 E = Time spent auto-exploring this place.
 F = Levels seen in this place.
 G = Mean time per level.
                   A        B        C        D        E       F      G
               +--------+--------+--------+--------+--------+-----+--------+
         Total |   7031 |   6817 |    214 |    388 |   4942 |   6 | 1171.8 |
       Dungeon |   6233 |   6019 |    214 |      0 |   4810 |   5 | 1246.6 |
         Sewer |    797 |    797 |      0 |    388 |    132 |   1 |  797.0 |
               +--------+--------+--------+--------+--------+-----+--------+

Top non-repeatable levels by time:
     D:4: 2335 daAuts
     D:1: 1666 daAuts
     D:3: 1090 daAuts
     D:2: 948 daAuts
   Sewer: 797 daAuts
     D:5: 192 daAuts
